 Dungeon Crawl Stone Soup version 0.30-a0-1160-g6e42c06551 (webtiles) character file.

Game seed: 6537032783923268126

86 Anamonty the Stinger (level 4, 0/27 HPs)
             Began as an Octopode Venom Mage on Apr 26, 2023.
             Slain by a sleepcap (2 damage)
             ... on level 3 of the Dungeon.
             The game lasted 00:03:21 (2856 turns).

Anamonty the Stinger (Octopode Venom Mage)          Turns: 2856, Time: 00:03:21

Health: 0/27       AC:  1    Str:  9    XL:     4   Next: 50%
Magic:  7/8        EV: 13    Int: 17    God:
Gold:   160        SH:  0    Dex: 12    Spells: 7/8 levels left

rFire   . . .        (no weapon)
rCold   . . .        (no shield)
rNeg    . . .        (helmet restricted)
rPois   .            (no amulet)
rElec   .            (no ring)
rCorr   .            (no ring)
SInv    .            (no ring)
Will    .....        (no ring)
Stlth   +++          (no ring)
HPRegen 0.24/turn    (no ring)
MPRegen 0.11/turn    (no ring)
                     (no ring)

%: no passive effects
@: very slightly contaminated
A: almost no armour, amphibious, 8 rings, camouflage 1, gelatinous body 1,
(nimble swimmer 1), tentacles
a: no special abilities


You were on level 3 of the Dungeon.
You visited 1 branch of the dungeon, and saw 3 of its levels.

You collected 160 gold pieces.

Inventory:

Scrolls
 b - 5 scrolls of teleportation {unknown}
 e - a scroll of enchant weapon {unknown}
 g - a scroll of noise {unknown}
 h - a scroll of poison {unknown}
 i - a scroll of identify {unknown}
 j - a scroll of blinking {unknown}
 m - a scroll of fear {unknown}
Potions
 a - 3 potions of magic
 c - 5 potions of curing {unknown}
 d - 2 potions of might {unknown}
 f - a potion of flight {unknown}
 k - a potion of cancellation {unknown}
 l - a potion of attraction {unknown}


   Skills:
 + Level 2.7 Dodging
 - Level 2.6 Stealth
 + Level 2.6 Spellcasting
 - Level 1.0 Transmutations
 * Level 5.1 Poison Magic


You had 7 spell levels left.
You knew the following spells:

 Your Spells              Type           Power      Damage    Failure   Level
a - Sting                 Tmut/Pois      48%        1d5       4%          1

Your spell library contained the following spells:

 Spells                   Type           Power      Damage    Failure   Level
 Poisonous Vapours        Pois/Air       22%        N/A       10%         2
 Necrotise                Necr           8%         1d4       19%         1
 Olgreb's Toxic Radiance  Pois           19%        N/A       22%         4
 Mephitic Cloud           Conj/Pois/Air  8%         N/A       26%         3
 Call Canine Familiar     Summ           2%         N/A       47%         3
 Portal Projectile        Hex/Tloc       4%         N/A       47%         3
 Vampiric Draining        Necr           2%         2d6       47%         3
 Leda's Liquefaction      Hex/Erth       1%         N/A       87%         4
 Agony                    Necr           2%         N/A       99%         5


Dungeon Overview and Level Annotations

Branches:
Dungeon (3/15)

Altars:
Wu Jian

Annotations:
D:3 3 runed translucent doors, caveywoolpert's ghost, amateur GrEE


Innate Abilities, Weirdness & Mutations

You cannot wear most types of armour.
You are amphibious.
You can wear up to eight rings at the same time.
Your skin changes colour to match your surroundings (Stealth+).
Your rubbery body absorbs attacks. (AC +1, EV +1)
((You are camouflaged when in or above water. (Stealth+)))
You have tentacles for arms and can constrict up to eight enemies at once.


Message History

A rat is nearby!
The rat misses you.
Casting: Sting (safe; 4% risk of failure)
Confirm with . or Enter, or press ? or * to list all spells.
Aiming: Sting (safe; 4% risk of failure)
Press: ? - help, Shift-Dir - straight line, f - rat
Aim: a rat (71% to hit)
The sting hits the rat.
The rat is poisoned.
You kill the rat!
Unknown command.
m - a scroll labelled TARHAIHELU You open the door.
There is an open door here.
You see here a ball python corpse.
Key pressed, stopping explore.
A sleepcap comes into view.
The sleepcap moves out of view.
The sleepcap closely misses you.
A sleepcap is nearby!
You tentacle-slap the sleepcap but do no damage.
You grab the sleepcap.
You constrict the sleepcap, but do no damage.
The sleepcap releases spores at you.
You are engulfed in a cloud of soporific spores!
You fall asleep.
You lose your grip on the sleepcap.
The sleepcap releases spores at you!!
You wake up.
Ouch! That really hurt!
* * * LOW HITPOINT WARNING * * *
You are engulfed in a cloud of soporific spores!
You are unaffected.
Casting: Sting (safe; 4% risk of failure)
Confirm with . or Enter, or press ? or * to list all spells.
Aiming: Sting (safe; 4% risk of failure)
Press: ? - help, Shift-Dir - straight line, f - sleepcap
Aim: a sleepcap (100% to hit)
You miscast Sting.
You are very lightly contaminated with residual magic.
Nothing appears to happen.
The sleepcap releases spores at you.
You die...

...# #.#.# #
...# #.#.#
...# #.#.#♣♣♣
...# #.#....♣
...# #.#.#♣.♣♣
...#
#.#.#♣..♣♣♣
####
#.#.#♣♣...♣♣♣♣
).# #.#.#
♣♣.♣.♣f♣♣
..####.#.#
♣♣♣♣@..♣
..).##.#.#
♣♣♣.♣
..#)##.#.# .♣
..#.##.#.# ♣
..#)##.#.#
###.##.#.#
###'##.#.#
.....#.#.#
.)...'.#.#


You could see a sleepcap.

Vanquished Creatures
  An adder (D:2)
  A dart slug (D:2)
  5 orcs (D:3)
  4 ball pythons
  12 endoplasms
  2 giant cockroaches (D:2)
  7 goblins
  2 hobgoblins (D:2)
  4 jackals (D:2)
  7 kobolds
  A quokka (D:2)
  7 bats
  4 frilled lizards
  5 rats
62 creatures vanquished.

Notes
Turn   | Place    | Note
-------+----------+-------------------------------------------
     0 | D:1      | Anamonty the Octopode Venom Mage began the quest for the
                  | Orb.
     0 | D:1      | Reached XP level 1. HP: 11/11 MP: 3/3
   150 | D:1      | Reached skill level 4 in Poison Magic
   150 | D:1      | Reached XP level 2. HP: 17/17 MP: 3/5
   818 | D:2      | Reached XP level 3. HP: 21/21 MP: 4/6
  1335 | D:2      | Reached XP level 4. HP: 12/27 MP: 5/7
  1792 | D:2      | Reached skill level 5 in Poison Magic
  2194 | D:3      | Found a runed translucent gate.
  2327 | D:3      | Found an ornate altar of the Wu Jian Council.
  2329 | D:3      | Found a runed translucent gate.
  2330 | D:3      | Found a runed translucent gate.
  2330 | D:3      | Noticed a kobold brigand
  2331 | D:3      | Noticed caveywoolpert's ghost (amateur GrEE)
  2856 | D:3      | Slain by a sleepcap

Illustrated notes

Levels and vault maps discovered:
D:1:      evilmike_arrival_hilbert_curve, layout_basic,
          minmay_misc_feat_secret_circle
D:2:      layout_loops_cross, nrook_uturn, minivault_23
D:3:      kb_forest_paths, layout_basic, general_overflow_altar,
          gammafunk_ghost_nasty_kobolds, nicolae_figureground_sparkle

Skill      XL: |  1  2  3  4 |
---------------+-------------+-----
Poison Magic   | 4 5 |  5.1
Dodging        | |  2.7
Stealth        | |  2.6
Spellcasting   | |  2.6
Transmutations | |  1.0

Action                     |  1- 3 |  4- 6 || total
---------------------------+-------+-------++-------
  Melee: Unarmed           |    56 |    60 ||   116
         Constrict         |    14 |    12 ||    26
         Tentacles         |    12 |    10 ||    22
         Punch             |     1 |       ||     1
   Cast: Sting             |    35 |    21 ||    56
   Stab: Sleeping          |     1 |     2 ||     3
 Armour: Skin              |     9 |     9 ||    18
  Dodge: Dodged            |    35 |    51 ||    86

Table legend: (Time is in decaauts)
 A = Elapsed time spent in this place.
 B = Non-inter-level travel time spent in this place.
 C = Inter-level travel time spent in this place.
 D = Time resting spent in this place.
 E = Time spent auto-exploring this place.
 F = Levels seen in this place.
 G = Mean time per level.
                   A        B        C        D        E       F      G
               +--------+--------+--------+--------+--------+-----+--------+
         Total |   2855 |   2786 |     69 |      0 |   2331 |   3 |  951.7 |
       Dungeon |   2855 |   2786 |     69 |      0 |   2331 |   3 |  951.7 |
               +--------+--------+--------+--------+--------+-----+--------+

Top non-repeatable levels by time:
     D:2: 1098 daAuts
     D:3: 945 daAuts
     D:1: 811 daAuts
